 Dungeon Crawl Stone Soup version 0.18.1-50-g88ac8fd (webtiles) character file.

61 ilirakshe the Slasher (level 3, 0/29 HPs)
             Began as a Vampire Chaos Knight on Oct 29, 2016.
             Succumbed to an adder's poison
             ... on level 2 of the Dungeon.
             The game lasted 00:05:18 (1404 turns).

ilirakshe the Slasher (Vampire Chaos Knight)        Turns: 1404, Time: 00:05:19

Health: 0/29       AC:  5    Str: 12    XL:     3   Next: 83%
Magic:  3/3        EV: 17    Int: 14    God:    Xom [....*.]
Gold:   91         SH:  0    Dex: 18    Spells: 0 memorised, 2 levels left

rFire  . . .     SeeInvis +     a - +0 falchion (chaos)
rCold  . . .     Gourm    .     b - +2 leather armour
rNeg   + . .     Faith    .     (no shield)
rPois  .         Spirit   .     (no helmet)
rElec  .         Dismiss  .     (no cloak)
rCorr  .         Reflect  .     (no gloves)
SustAt .         Harm     .     (no boots)
MR     .....                    (no amulet)
Stlth  ++........               (no ring)
                                (no ring)

@: agile, lethally poisoned (0 -> -2), not resistant to hostile enchantments,
unstealthy
A: fangs 3, see invisible, unbreathing
a: Bat Form, Renounce Religion


You were on level 2 of the Dungeon.
You worshipped Xom.
You were a beloved toy of Xom.
You were not thirsty.

You visited 1 branch of the dungeon, and saw 2 of its levels.

You collected 91 gold pieces.

Inventory:

Hand Weapons
 a - a +0 falchion of chaos (weapon)
 e - a +0 club
 j - a +0 club
Missiles
 i - 17 arrows
 l - 5 needles of sleeping
Armour
 b - a +2 leather armour (worn)
 g - a +0 robe
Scrolls
 h - 3 scrolls of identify {unknown}
 m - a scroll of immolation {unknown}
 n - a scroll of enchant weapon {unknown}
 o - a scroll of random uselessness {unknown}
 p - a scroll of amnesia {unknown}
Potions
 c - 2 potions of blood
 f - 2 potions of curing {unknown}
 k - a potion of mutation {unknown}
 q - a potion of brilliance {unknown}
Comestibles
 d - 2 meat rations


   Skills:
 + Level 3.3 Fighting
 + Level 4.0 Long Blades
 + Level 1.2 Armour
 - Level 2.1 Dodging


You had 2 spell levels left.
You didn't know any spells.

Dungeon Overview and Level Annotations

Branches:
Dungeon (2/15)

Altars:
Ru


Innate Abilities, Weirdness & Mutations

You have razor-sharp teeth.
You have supernaturally acute eyesight.
You can survive without breathing.


Message History

You kill the adder!
Your Long Blades skill increases to level 4!
The worm closely misses you.
You feel sick. The worm completely misses you.
You closely miss the rat. The rat closely misses you.
You hit the rat. You drain the rat!
You kill the rat!
You feel sick. The worm misses you.
You feel sick.
Found a stone staircase leading up.
You feel sick.
Found 16 arrows.
You hit the worm. Your bite misses the worm.
The worm is moderately wounded.
The worm bites you!
* * * LOW HITPOINT WARNING * * *
You hit the worm but do no damage.
The worm is moderately wounded.
You die...
Xom guffaws!

.###.#..###.####...##
# #.†# #.# ##.##
#..###.# #.# #......#
#.# .## ##.###.#
#.#### .... #.# #.##
#....# ..... #.# #..#
#....# ......#.###..#
##...# ........w@...#
##[##
......#.###..#### #.#
.....##.#
.......#.###### #....
... #.####.........
.#.# ##.. ..
###.#.#### #. ....
(.. ...#....# # ....
.#######[##.# ...<.
## ###.##.# .........


You could see a worm.

Vanquished Creatures
  2 adders (D:2)
  A worm (D:2)
  A dart slug (D:1)
  3 ball pythons (D:1)
  4 bats (D:1)
  A giant cockroach (D:1)
  2 goblins (D:1)
  3 hobgoblins
  7 jackals (D:1)
  2 giant newts (D:2)
  2 kobolds (D:1)
  7 rats
35 creatures vanquished.

Vanquished Creatures (others)
  A dart slug (D:1)
  A hobgoblin (D:1)
2 creatures vanquished.

Grand Total: 37 creatures vanquished

Notes
Turn   | Place    | Note
--------------------------------------------------------------
     0 | D:1      | ilirakshe the Vampire Chaos Knight began the quest for the Orb.
     0 | D:1      | Reached XP level 1. HP: 17/17 MP: 1/1
    11 | D:1      | XOM: silly message
   133 | D:1      | XOM: divination: detect creatures
   155 | D:1      | Reached XP level 2. HP: 21/24 MP: 2/2
   351 | D:1      | XOM: silly message
   631 | D:1      | Reached skill level 1 in Armour
   809 | D:1      | Reached XP level 3. HP: 28/29 MP: 3/3
  1033 | D:1      | XOM: silly message
  1201 | D:2      | Found a sacrificial altar of Ru.
  1379 | D:2      | XOM: potion effect (agility)
  1389 | D:2      | Reached skill level 4 in Long Blades
  1403 | D:2      | HP: 1/29 [worm (7)]
  1404 | D:2      | Succumbed to an adder's poison

Skill      XL: |  1  2  3 |
---------------+----------+-----
Fighting       | 3 |  3.3
Armour         | 1 |  1.2
Long Blades    | 4 |  4.0
Dodging        | |  2.1

Action                   || total
-------------------------++-------
Melee: Falchion          ||   111
       Bite              ||     5
  Eat: Corpse            ||     2
Armor: Leather armour    ||    37
Dodge: Dodged            ||    78
